 Dungeon Crawl Stone Soup version 0.31-a0-1278-g11c5b68f87 (webtiles) character file.

Game seed: 941941347026108706

12477 grandjackal the Thaumaturge (level 11, -29/54 HPs)
             Began as a Deep Elf Conjurer on Dec 17, 2023.
             Was a Priest of Sif Muna.
             Hit by a large rock thrown by a cyclops (33 damage)
             ... on level 12 of the Dungeon.
             The game lasted 00:25:45 (14042 turns).

grandjackal the Thaumaturge (Deep Elf Conjurer)    Turns: 14042, Time: 00:25:45

Health: -29/54     AC: 11    Str: 10    XL:     11   Next: 63%
Magic:  3/30       EV: 12    Int: 28    God:    Sif Muna [***...]
Gold:   478        SH:  5    Dex: 13    Spells: 3/36 levels left

rFire   . . .        (no weapon)
rCold   . . .        (no shield)
rNeg    . . .        y - +0 steam dragon scales
rPois   +            L - +2 hat
rElec   .            G - +0 cloak
rCorr   .            c - +2 pair of gloves {hurl}
SInv    .            (no boots)
Will    +....        J - amulet of reflection
Stlth   ++           C - +6 ring of strength
HPRegen 0.29/turn    o - ring of poison resistance
MPRegen 0.22/turn

%: reflection
@: about to teleport, very slightly contaminated
A: no striking features
a: Renounce Religion, Channel Magic, Forget Spell


You were on level 12 of the Dungeon.
You worshipped Sif Muna.
Sif Muna was most pleased with you.
You visited 1 branch of the dungeon, and saw 12 of its levels.
You also visited: Ossuary and Bailey.

You collected 742 gold pieces.
You spent 264 gold pieces at shops.

Inventory:

Missiles
 p - a throwing net
Armour
 c - a +2 pair of gloves of hurling (worn)
 y - +0 steam dragon scales (worn)
 G - a +0 cloak (worn)
 L - a +2 hat (worn)
Jewellery
 a - a +6 ring of dexterity
 o - a ring of poison resistance (right hand)
 C - a +6 ring of strength (left hand)
 J - an amulet of reflection (around neck)
 N - an amulet of regeneration
Wands
 D - a wand of roots (8)
 F - a wand of paralysis (12)
Scrolls
 g - 4 scrolls of fog
 h - 2 scrolls of immolation {unknown}
 l - a scroll of revelation {unknown}
 n - a scroll of poison {unknown}
 q - a scroll of vulnerability {unknown}
 s - 4 scrolls of summoning
 u - 7 scrolls of teleportation
 v - 9 scrolls of enchant armour
 x - a scroll of amnesia
 z - 2 scrolls of noise {unknown}
 B - a scroll of brand weapon
 I - 6 scrolls of enchant weapon
 K - a scroll of silence
 M - 3 scrolls of fear
Potions
 b - 2 potions of magic
 d - 2 potions of berserk rage
 e - 6 potions of haste
 f - 6 potions of mutation
 i - a potion of invisibility
 k - a potion of lignification {unknown}
 m - a potion of curing
 r - 5 potions of heal wounds {unknown}
 t - 6 potions of might {unknown}
 w - a potion of ambrosia {unknown}
 A - 2 potions of brilliance
 E - 6 potions of degeneration {unknown}
 H - 2 potions of cancellation {unknown}
 O - 2 potions of attraction


   Skills:
 - Level 2.4 Dodging
 - Level 2.4 Stealth
 + Level 13.0 Spellcasting
 - Level 10.0 Conjurations
 - Level 10.0 Hexes
 + Level 9.2 Translocations
 + Level 5.9 Fire Magic
 + Level 5.9 Invocations


You had 3 spell levels left.
You knew the following spells:

 Your Spells              Type           Power      Damage    Failure   Level
a - Magic Dart            Conj           100%       1d8       1%          1
b - Searing Ray           Conj           100%       2d8       1%          2
c - Dazzling Flash        Conj/Hex       100%       N/A       1%          3
d - Fulminant Prism       Conj/Hex       32%        3d16      1%          4
e - Iskenderun's Mystic   Conj/Tloc      64%        2d13      1%          4
f - Inner Flame           Hex/Fire       58%        N/A       1%          3
g - Volatile Blastmotes   Fire/Tloc      100%       2d18      1%          3
h - Flame Wave            Conj/Fire      58%        2d14      1%          4
i - Sticky Flame          Conj/Fire      58%        2d7       1%          4
j - Fireball              Conj/Fire      29%        3d13      3%          5

Your spell library contained the following spells:

 Spells                   Type           Power      Damage    Failure   Level
 Ensorcelled Hibernation  Hex/Ice        92%        N/A       1%          2
 Passwall                 Tmut/Erth      15%        N/A       4%          2
 Frozen Ramparts          Ice            36%        1d6       9%          3
 Swiftness                Air            18%        N/A       9%          3
 Cause Fear               Hex            32%        N/A       1%          4
 Metabolic Englaciation   Hex/Ice        23%        N/A       11%         5
 Summon Forest            Summ/Tloc      22%        N/A       12%         5
 Leda's Liquefaction      Tmut/Erth      9%         N/A       28%         4
 Petrify                  Tmut/Erth      18%        N/A       28%         4
 Eringya's Noxious Bog    Tmut/Pois      9%         4d6       99%         6
 Summon Hydra             Summ           9%         N/A       100%        7
 Dragon's Call            Summ           9%         N/A       100%        9


Dungeon Overview and Level Annotations

Branches:
Dungeon (12/15)            Temple (0/1) D:6            Lair (0/5) D:11
    Orc (0/2) D:11        Ossuary (visited)          Bailey (visited)

Altars:
Elyvilon
Gozag
Nemelex Xobeh
Sif Muna
Trog
Yredelemnul
Zin
The Shining One

Shops:
D:4 !   D:10 [

Annotations:
D:8 3 runed translucent doors
D:9 2 transporters, backslashecho's ghost, journeyman MeSh
D:11 exclusion: 2 doors


Message History

You miscast Flame Wave.
You are very lightly contaminated with residual magic.
Nothing appears to happen.
The wraith misses you.
Unknown command.
As you read the scroll of teleportation, it crumbles to dust.
You feel strangely unstable. The wraith closely misses you.
You block the wraith's attack.
Casting: Flame Wave (dangerous; 1% risk of failure)
Confirm with . or Enter, or press ? or * to list all spells.
Aiming: Fireball (dangerous; 3% risk of failure)
Press: ? - help, Shift-Dir - straight line The fireball explodes!
The fireball engulfs the cyclops!!
The cyclops is heavily wounded.
The fireball engulfs the wraith!
The wraith is almost destroyed.
You hear a roar!
A seven-headed hydra comes into view.
The cyclops throws a large rock.
The large rock hits you!!
Ouch! That really hurt!
* * * LOW HITPOINT WARNING * * *
The wraith closely misses you.
Unknown command.
Unknown command.
Unknown command.
Casting: Fireball (dangerous; 3% risk of failure)
Confirm with . or Enter, or press ? or * to list all spells.
Aiming: Fireball (dangerous; 3% risk of failure)
Press: ? - help, Shift-Dir - straight line The fireball explodes!
The fireball engulfs the cyclops!
The cyclops is almost dead.
The fireball engulfs the wraith.
You destroy the wraith!
Sif Muna accepts your kill.
The fireball engulfs the deep elf pyromancer!!
The deep elf pyromancer is heavily wounded.
You hear a shout!
You hear a horrible gurgling sound!
A green ugly thing comes into view.
The cyclops throws a large rock.
The large rock hits you!!
Ouch! That really hurt!
You die...

.## #..# ...$$##...## ##
#..# ...$)$##...# # #..#
...!$$$##..# ## #..# ....!$!
#..# . ##..## ....... #..#
.. +##....##'...... #..# ...
#.......e# #..# #..
##......C.## #..# ...
#######.........@########..#
###
...........⌠⌠..............#
#
...........⌠⌠..............#
#
#######..........########..#
#### ##.uD.....## #..# #...
#........# #..# #..#
+##....##+ #..###... ##..##
#..#..### #..# #..#..#..


You could see a seven-headed hydra, a green ugly thing, a cyclops and a deep elf
pyromancer.

Vanquished Creatures
  A two-headed ogre (D:11)
  An ugly thing (D:12)
  A cyclops (D:11)
  An orc knight (Bailey)
  A manticore (D:7)
  Maurice (D:7)
  A rime drake (D:11)
  4 polar bears (D:11)
  Prince Ribbit (D:7)
  3 slime creatures (D:12)
  Sigmund (D:3)
  A vampire (D:10)
  4 wraiths
  A wyvern (D:9)
  2 steam dragons
  15 yaks
  An acid dragon (D:10)
  3 ice beasts (D:11)
  Duvessa (D:6)
  8 orc warriors
  A sky beast (D:7)
  2 wolves (D:11)
  4 centaurs
  A phantom (D:4)
  2 kobold brigands
  5 bullfrogs
  3 scorpions
  2 wights (D:7)
  Dowan (D:6)
  21 killer bees
  4 howler monkeys (D:7)
  3 centaur zombies (Ossuary)
  A jelly (D:7)
  4 hounds
  7 orc priests
  9 orc wizards
  2 iguanas
  5 mummies (Ossuary)
  6 gnolls (D:3)
  8 adders
  A shadow imp (D:7)
  5 white imps
  2 ufetubi (D:7)
  3 worms
  2 dart slugs
  46 orcs
  6 endoplasms
  3 giant cockroaches
  10 goblins
  8 hobgoblins
  4 quokkas
  8 ball pythons
  8 bats
  2 frilled lizards (D:1)
  4 hobgoblin zombies (Ossuary)
  26 kobolds
  6 rats
  A spectral orc (D:11)
288 creatures vanquished.

Vanquished Creatures (others)
  18 fulminant prisms
18 creatures vanquished.

Grand Total: 306 creatures vanquished

Notes
Turn   | Place    | Note
-------+----------+-------------------------------------------
     0 | D:1      | grandjackal the Deep Elf Conjurer began the quest for the
                  | Orb.
     0 | D:1      | Reached XP level 1. HP: 10/10 MP: 6/6
     3 | D:1      | Noticed an electric eel
     4 | D:1      | Noticed an electric eel
   163 | D:1      | Reached XP level 2. HP: 15/15 MP: 0/8
   234 | D:1      | Learned a level 2 spell: Searing Ray
   490 | D:1      | Found a faded altar of an unknown god.
   640 | D:1      | Reached skill level 4 in Spellcasting
   743 | D:1      | Reached skill level 5 in Conjurations
   743 | D:1      | Reached XP level 3. HP: 19/19 MP: 8/10
   903 | D:1      | Learned a level 3 spell: Dazzling Flash
  1229 | D:2      | Reached skill level 1 in Hexes
  1927 | D:2      | Reached XP level 4. HP: 24/24 MP: 8/12
  2042 | D:2      | Learned a level 4 spell: Fulminant Prism
  2430 | D:3      | Noticed Sigmund
  2436 | D:3      | Killed Sigmund
  2437 | D:3      | Reached skill level 5 in Spellcasting
  2437 | D:3      | Reached XP level 5. HP: 28/28 MP: 8/15
  2473 | D:3      | Reached XP level 6. HP: 32/32 MP: 9/16
  2881 | D:3      | Upgraded the game from 0.31-a0-1267-gfedaa18580 to
                  | 0.31-a0-1278-g11c5b68f87
  2908 | D:4      | Found Atuoluut's Distillery.
  2954 | D:4      | Bought a potion of haste for 110 gold pieces
  3208 | D:4      | Reached skill level 6 in Spellcasting
  3265 | D:4      | Found a sand-covered staircase.
  3322 | Ossuary  | Entered an ossuary
  3528 | Ossuary  | Reached XP level 7. HP: 36/36 MP: 10/18
  3606 | Ossuary  | Reached skill level 5 in Hexes
  4053 | D:4      | Reached skill level 7 in Spellcasting
  4157 | D:5      | Entered Level 5 of the Dungeon
  4998 | D:6      | Learned a level 4 spell: Iskenderun's Mystic Blast
  5141 | D:6      | Reached skill level 1 in Translocations
  5220 | D:6      | Reached XP level 8. HP: 41/41 MP: 11/21
  5309 | D:6      | Noticed Dowan
  5310 | D:6      | Noticed Duvessa
  5321 | D:6      | Killed Duvessa
  5321 | D:6      | Killed Dowan
  5373 | D:6      | Found a shimmering blue altar of Sif Muna.
  5421 | D:6      | Became a worshipper of Sif Muna the Loreminder
  5448 | D:6      | Found a staircase to the Ecumenical Temple.
  5668 | D:7      | Noticed Maurice
  5669 | D:7      | Paralysed by Maurice for 5 turns
  5676 | D:7      | Maurice stole a throwing net
  5677 | D:7      | Maurice stole 262 gold
  5680 | D:7      | Killed Maurice
  5681 | D:7      | Reached skill level 8 in Spellcasting
  5820 | D:7      | Noticed Prince Ribbit
  5984 | D:7      | Found a flagged portal.
  6091 | Bailey   | Entered a bailey
  6195 | Bailey   | Reached * piety under Sif Muna
  6196 | Bailey   | Reached skill level 9 in Spellcasting
  6337 | Bailey   | Reached XP level 9. HP: 45/45 MP: 16/24
  6538 | Bailey   | Noticed an orc knight
  6562 | Bailey   | Killed an orc knight
  6563 | Bailey   | Reached skill level 5 in Translocations
  6931 | D:7      | Noticed a manticore
  6944 | D:7      | Reached skill level 10 in Spellcasting
  7185 | D:7      | Killed a manticore
  7292 | D:7      | Reached ** piety under Sif Muna
  7293 | D:7      | Reached XP level 10. HP: 7/50 MP: 13/26
  7875 | D:7      | Killed Prince Ribbit
  8403 | D:8      | Reached skill level 11 in Spellcasting
  8403 | D:8      | Reached skill level 10 in Hexes
  8412 | D:8      | Reached skill level 10 in Conjurations
  8526 | D:8      | Learned a level 3 spell: Inner Flame
  8530 | D:8      | Learned a level 3 spell: Volatile Blastmotes
  8535 | D:8      | Learned a level 4 spell: Flame Wave
  8540 | D:8      | Learned a level 4 spell: Sticky Flame
  9103 | D:8      | Found a runed translucent gate.
  9104 | D:8      | Found a runed translucent gate.
  9104 | D:8      | Found a runed translucent gate.
  9105 | D:8      | Noticed a glowing orange brain
  9106 | D:8      | Noticed a green ugly thing
  9106 | D:8      | Noticed a white ugly thing
  9189 | D:8      | Noticed a white ugly thing
  9305 | D:9      | Reached skill level 1 in Fire Magic
  9305 | D:9      | Reached skill level 1 in Invocations
  9464 | D:9      | Found a transporter.
  9464 | D:9      | Noticed backslashecho's ghost (journeyman MeSh)
  9612 | D:9      | Found a white marble altar of Elyvilon.
 10025 | D:9      | Found a sparkling altar of Nemelex Xobeh.
 10061 | D:9      | Found a transporter.
 10190 | D:10     | Entered Level 10 of the Dungeon
 10371 | D:10     | Found Vuom's Antique Armour Shoppe.
 10388 | D:10     | Bought an embroidered hat for 154 gold pieces
 10489 | D:10     | Found a bloodstained altar of Trog.
 10611 | D:10     | Reached *** piety under Sif Muna
 10631 | D:10     | Reached skill level 12 in Spellcasting
 10631 | D:10     | Reached XP level 11. HP: 54/54 MP: 3/29
 11097 | D:10     | Found a glowing silver altar of Zin.
 11098 | D:10     | Found an opulent altar of Gozag.
 11099 | D:10     | Found a glowing golden altar of the Shining One.
 11829 | D:11     | Learned a level 5 spell: Fireball
 11938 | D:11     | Noticed a boulder beetle
 12200 | D:11     | Reached skill level 5 in Fire Magic
 12333 | D:11     | Noticed a two-headed ogre
 12341 | D:11     | Killed a two-headed ogre
 12342 | D:11     | Reached skill level 5 in Invocations
 12842 | D:11     | Found a staircase to the Lair.
 13036 | D:11     | Found a staircase to the Orcish Mines.
 13082 | D:11     | Found a basalt altar of Yredelemnul.
 13648 | D:12     | Noticed a green ugly thing
 13655 | D:12     | Killed a green ugly thing
 13656 | D:12     | Reached skill level 13 in Spellcasting
 14032 | D:12     | Noticed a deep elf pyromancer
 14032 | D:12     | Noticed a boulder beetle
 14041 | D:12     | Noticed a seven-headed hydra
 14042 | D:12     | Noticed a green ugly thing
 14042 | D:12     | Hit by a large rock thrown by a cyclops

Illustrated notes

Levels and vault maps discovered:
D:1:      arrival_aquarium_b, layout_rooms, serial_corexii_hall,
          corexii_hall_statues_i, corexii_hall_statues_i,
          hellmonk_ecumenical_altar_leap_of_faith
D:2:      layout_basic
D:3:      layout_rooms, dk_noncrumbling_3, uniq_sigmund
D:4:      layout_loops_ring, nicolae_ossuary_entry_monument, serial_shops,
          nicolae_shop_industrial_runoff, serial_bayou_pond_c
D:5:      layout_cave_pods
D:6:      layout_rooms, amcnicky_altar_gilded, minmay_temple_entry_offerings,
          uniq_duvessa
D:7:      minmay_clustersquares, layout_loops_corners, enter_bailey_3,
          uniq_prince_ribbit1, uniq_maurice
D:8:      layout_cave_pods, ploomutoo_gammafunk_ghost_potion_laboratory,
          st_stairs_12, nrook_uturn
D:9:      layout_loops_ring, mainiacjoe_overflow_tiny_flanked,
          nemelex_spade_bored_becter, gammafunk_ghost_arena, fountainhead
D:10:     layout_cave_pods, minitemple, bloody_trog, serial_shops, shop,
          hangedman_decor_diamond_cutter
D:11:     layout_irregular_city, hellmonk_lair_entry_icy, dk_noncrumbling_2,
          yredelemnul_forgotten_temple_becter
D:12:     four-leaf_vault, layout_stronghold, serial_column_ruins,
          column_ruins_open_large, column_ruins_open_tiny,
          column_ruins_open_tiny, column_ruins_grid_2, column_ruins_open_tiny,
          minmay_puff, uniq_rupert

Skill      XL: |  1  2  3  4  5  6  7  8  9 10 11 |
---------------+----------------------------------+-----
Spellcasting   | 4 5 6 7 9 10 12 13 | 13.0
Conjurations   | 5 6 7 8 9 10 | 10.0
Hexes          | 1 3 4 6 7 9 10 | 10.0
Translocations | 1 4 6 8 9 |  9.2
Fire Magic     | 3 5 |  5.9
Invocations    | 3 5 |  5.9
Dodging        | |  2.4
Stealth        | |  2.4

Action                     |  1- 3 |  4- 6 |  7- 9 | 10-12 || total
---------------------------+-------+-------+-------+-------++-------
  Melee: Unarmed           |       |     2 |     1 |     9 ||    12
         Punch             |       |       |       |     1 ||     1
   Cast: Magic Dart        |    82 |    43 |     7 |    11 ||   143
         Searing Ray       |       |    20 |    59 |    62 ||   141
         Fulminant Prism   |       |       |     8 |    10 ||    18
         Iskenderun's Myst |       |       |    12 |    24 ||    36
         Dazzling Flash    |       |       |     2 |       ||     2
         Fireball          |       |       |       |    16 ||    16
         Sticky Flame      |       |       |       |     6 ||     6
         Volatile Blastmot |       |       |       |     6 ||     6
         Flame Wave        |       |       |       |     2 ||     2
 Invoke: Channel Magic     |       |       |       |     1 ||     1
  Evoke: Wand              |       |       |    18 |       ||    18
    Use: Scroll            |       |       |     7 |     6 ||    13
 Armour: Robe              |       |    24 |    44 |       ||    68
         Steam dragon scal |       |       |       |    89 ||    89
  Dodge: Dodged            |       |    15 |    55 |    65 ||   135
  Block: Other             |       |       |       |    15 ||    15
         Reflection        |       |       |       |     1 ||     1

Table legend: (Time is in decaauts)
 A = Elapsed time spent in this place.
 B = Non-inter-level travel time spent in this place.
 C = Inter-level travel time spent in this place.
 D = Time resting spent in this place.
 E = Time spent auto-exploring this place.
 F = Levels seen in this place.
 G = Mean time per level.
                   A        B        C        D        E       F      G
               +--------+--------+--------+--------+--------+-----+--------+
         Total |  14063 |  13782 |    281 |   4222 |   7035 |  14 | 1004.5 |
       Dungeon |  12999 |  12718 |    281 |   3528 |   7030 |  12 | 1083.2 |
       Ossuary |    410 |    410 |      0 |    294 |      0 |   1 |  410.0 |
        Bailey |    652 |    652 |      0 |    400 |      5 |   1 |  652.0 |
               +--------+--------+--------+--------+--------+-----+--------+

Top non-repeatable levels by time:
     D:7: 1830 daAuts
    D:11: 1594 daAuts
    D:10: 1330 daAuts
     D:2: 1120 daAuts
     D:8: 1085 daAuts
     D:9: 1081 daAuts
     D:1: 929 daAuts
     D:3: 857 daAuts
     D:4: 840 daAuts
     D:5: 833 daAuts
    D:12: 819 daAuts
     D:6: 675 daAuts
  Bailey: 652 daAuts
 Ossuary: 410 daAuts
